[Event "Titled Tuesday Blitz December 7 2021"]
[White "Dzhaparov, Medet"]
[Black "Martins, Carlos"]
[WhiteFideId "13803689"]
[BlackFideId "2101688"]
[WhiteElo "1702"]
[BlackElo "2183"]
[Result "1/2-1/2"]
[Round "11"]
[TimeControl "180+1"]
[Date "2021.12.07"]
[WhiteClock "0:00:04"]
[BlackClock "0:00:01"]

1. e4 c5 2. Nf3 d6 3. d4 cxd4 4. Nxd4 Nf6 5. Nc3 Nc6 6. Bg5 e6 7. Qd2 a6 8. O-O-O h6 9. Bh4 Nxe4 10. Qf4 Ng5 11. Nxc6 bxc6 12. Ne4 d5 13. Bxg5 hxg5 14. Nxg5 Qf6 15. Qg3 Bc5 16. Nf3 O-O 17. Bd3 a5 18. h4 Ba6 19. h5 Bxd3 20. Rxd3 Rab8 21. c3 Rfe8 22. Re1 e5 23. Rxe5 Rxe5 24. Qxe5 Qxe5 25. Nxe5 Rc8 26. f3 f6 27. Ng6 Kf7 28. c4 Rd8 29. cxd5 cxd5 30. Kd2 d4 31. Nf4 f5 32. g4 fxg4 33. fxg4 Kf6 34. Ne2 Kg5 35. a3 Kxg4 36. Rg3+ Kxh5 37. Rxg7 d3 38. Nf4+ Kh6 39. Rg6+ Kh7 40. Rg4 Be3+ 41. Kxe3 d2 42. Rh4+ Kg8 43. Rg4+ Kf7 44. Rg1 d1=Q 45. Rxd1 Rxd1 46. Nd3 Ke6 47. Kd4 Kd6 48. Kc4 Kc6 49. b4 axb4 50. axb4 Rb1 51. Kc3 Kb5 52. Kd4 Rb3 53. Ke4 Rc3 54. Kd4 Rb3 55. Ke4 Kc4 56. Ne5+ Kxb4 57. Kd4 Rb1 58. Nd3+ Kb5 59. Kc3 Rh1 60. Kd4 Rh3 61. Ne5 Kb4 62. Nc6+ Kb5 63. Ne5 Kb6 64. Kd5 Rh5 65. Kd6 Rxe5 66. Kxe5 1/2-1/2


[Site "https://www.chess.com"]

[Event "Titled Tuesday Blitz December 7 2021"]
[White "Erdogdu, Mert"]
[Black "Miszler, Levente"]
[WhiteFideId "6301495"]
[BlackFideId "763276"]
[WhiteElo "2485"]
[BlackElo "1966"]
[Result "1-0"]
[Round "11"]
[TimeControl "180+1"]
[Date "2021.12.07"]
[WhiteClock "0:01:37"]
[BlackClock "0:01:33"]

1. e4 e6 2. d4 d5 3. exd5 exd5 4. c4 Nf6 5. Nc3 Bb4 6. Bd3 dxc4 7. Bxc4 O-O 8. Ne2 Nc6 9. O-O Re8 10. Bg5 h6 11. Bh4 Bg4 12. a3 Bd6 13. f3 Bh5 14. Qd3 a6 15. Rad1 b5 16. Bb3 Ne7 17. Bxf6 gxf6 18. Ne4 Bg6 19. Nxf6+ Kh8 20. Qd2 Bxh2+ 21. Kxh2 Qd6+ 22. Qf4 Red8 23. Ne4 Qxf4+ 24. Nxf4 Nf5 25. Nxg6+ fxg6 26. Rfe1 Nxd4 27. Ba2 Rd6 28. Nxd6 1-0


[Site "https://www.chess.com"]

[Event "Titled Tuesday Blitz December 7 2021"]
[White "Estrada Nieto, Julian"]
[Black "Sarkar, Justin"]
[WhiteFideId "5101018"]
[BlackFideId "2010011"]
[WhiteElo "2270"]
[BlackElo "2038"]
[Result "1-0"]
[Round "11"]
[TimeControl "180+1"]
[Date "2021.12.07"]
[WhiteClock "0:01:05"]
[BlackClock "0:00:11"]

1. e4 e5 2. Nf3 Nc6 3. Bb5 a6 4. Ba4 d6 5. Bxc6+ bxc6 6. d4 exd4 7. Qxd4 c5 8. Qd3 g6 9. Nc3 Bg7 10. O-O Ne7 11. Bg5 h6 12. Bh4 g5 13. Bg3 f5 14. exf5 O-O 15. Rfe1 Nxf5 16. Qd5+ Kh7 17. Qxa8 g4 18. Nd2 Nd4 19. Rac1 h5 20. Qe4+ Bf5 21. Qe7 Qb8 22. Nb3 Kg6 23. Bh4 Rf7 24. Qg5+ Kh7 25. Qxh5+ Kg8 26. Nd5 1-0


[Site "https://www.chess.com"]

[Event "Titled Tuesday Blitz December 7 2021"]
[White "Fathy, Elameir"]
[Black "Perrine, Dalton"]
[WhiteFideId "10600396"]
[BlackFideId "2048434"]
[WhiteElo "2311"]
[BlackElo "2444"]
[Result "1-0"]
[Round "11"]
[TimeControl "180+1"]
[Date "2021.12.07"]
[WhiteClock "0:00:21"]
[BlackClock "0:00:01"]

1. d4 Nf6 2. Bg5 d5 3. Bxf6 gxf6 4. e3 c5 5. c4 cxd4 6. Qxd4 dxc4 7. Qxd8+ Kxd8 8. Bxc4 e6 9. Nc3 Nc6 10. Nf3 Bb4 11. O-O-O Ke7 12. Ne2 Bd7 13. Kb1 h5 14. g3 Na5 15. Bd3 Bc6 16. e4 Bc5 17. Nfd4 Bd7 18. f3 h4 19. g4 h3 20. Nc2 Bd6 21. Ned4 Rac8 22. Nb5 Bb8 23. Nc3 Nc4 24. Ne2 Ne5 25. Ned4 Nxd3 26. Rxd3 Rhd8 27. Rd2 Bf4 28. Re2 Rc4 29. b3 Rc3 30. Rf1 Rdc8 31. Kb2 Ke8 32. Kb1 Kf8 33. Na3 a6 34. Nc4 R3xc4 35. bxc4 Rxc4 36. Nb3 Ba4 37. Rd1 Ke7 38. Kb2 Be5+ 39. Kb1 Rc3 40. Rf2 Bxb3 41. axb3 Rxb3+ 42. Ka2 Rb4 43. Rb1 Rxb1 44. Kxb1 Bf4 45. Kc2 b5 46. Kd3 a5 47. Rc2 Kd7 48. Kd4 Kd6 49. Kd3 a4 50. Rc8 Kd7 51. Rh8 Bxh2 52. Rxh3 Be5 53. Rh8 b4 54. Kc4 1-0


[Site "https://www.chess.com"]

[Event "Titled Tuesday Blitz December 7 2021"]
[White "Gaehwiler, Gabriel"]
[Black "Pham, Le Thao Nguyen"]
[WhiteFideId "1314530"]
[BlackFideId "12401226"]
[WhiteElo "2383"]
[BlackElo "2286"]
[Result "1-0"]
[Round "11"]
[TimeControl "180+1"]
[Date "2021.12.07"]
[WhiteClock "0:01:59"]
[BlackClock "0:00:02"]

1. Nf3 d5 2. c4 c6 3. e3 Nf6 4. Nc3 a6 5. b3 Bg4 6. Bb2 e6 7. Be2 Nbd7 8. d4 Be7 9. h3 Bh5 10. Nd2 Bg6 11. Bf3 Bb4 12. O-O O-O 13. a3 Bxc3 14. Bxc3 Re8 15. Re1 Ne4 16. Bb2 f5 17. Be2 Qh4 18. Rf1 Nxd2 19. Qxd2 Bh5 20. f3 Rf8 21. Bc1 Rf7 22. Qe1 Qe7 23. Qg3 Raf8 24. Bd2 h6 25. Bb4 c5 26. dxc5 Nxc5 27. Qe5 Qc7 28. Qxc7 Rxc7 29. Rad1 Bf7 30. Kf2 Rfc8 31. Rb1 e5 32. Rfd1 dxc4 33. bxc4 Re7 34. g4 Be6 35. Rb2 Kf7 36. Rbd2 Rcc7 37. Rd6 1-0


[Site "https://www.chess.com"]

[Event "Titled Tuesday Blitz December 7 2021"]
[White "Garagulya, Konstantin"]
[Black "Perez Gormaz, Matias"]
[WhiteFideId "4128931"]
[BlackFideId "3406342"]
[WhiteElo "2329"]
[BlackElo "2352"]
[Result "0-1"]
[Round "11"]
[TimeControl "180+1"]
[Date "2021.12.07"]
[WhiteClock "0:00:09"]
[BlackClock "0:01:16"]

1. d4 d5 2. Nf3 e6 3. c4 a6 4. cxd5 exd5 5. Qc2 h6 6. Bf4 Bd6 7. Bxd6 Qxd6 8. e3 Bg4 9. Ne5 Be6 10. f4 Ne7 11. Bd3 g6 12. g4 Nd7 13. f5 Nxe5 14. dxe5 Qxe5 15. fxe6 Qxe3+ 16. Qe2 Qc1+ 17. Qd1 Qxb2 18. exf7+ Kxf7 19. O-O Kg7 20. Qe2 Qd4+ 21. Kh1 Nc6 22. Nd2 Rhe8 23. Qf3 Rf8 24. Qg3 Ne5 25. Rae1 Nxd3 26. Qxc7+ Kh8 27. Qe7 Nf2+ 28. Rxf2 Rxf2 29. Nb3 Qf6 30. Qxb7 Qf3+ 31. Kg1 Qg2# 0-1


[Site "https://www.chess.com"]

[Event "Titled Tuesday Blitz December 7 2021"]
[White "Gelman, Alexander"]
[Black "Chan, Kim Yew"]
[WhiteFideId "4118316"]
[BlackFideId "5717981"]
[WhiteElo "2375"]
[BlackElo "2206"]
[Result "0-1"]
[Round "11"]
[TimeControl "180+1"]
[Date "2021.12.07"]
[WhiteClock "0:00:09"]
[BlackClock "0:00:07"]

1. d4 Nf6 2. Nc3 d5 3. Bf4 e6 4. Nb5 Na6 5. e3 c6 6. Nc3 Bd6 7. Nf3 Nc7 8. Ne5 O-O 9. Qf3 c5 10. dxc5 Bxc5 11. Bd3 b5 12. Qh3 g6 13. O-O-O a5 14. Bg5 Nce8 15. Bxb5 Qb6 16. Qh4 Bb4 17. Bxf6 Nxf6 18. Qxf6 Bxc3 19. bxc3 Qxb5 20. Ng4 h5 21. Nh6+ Kh7 22. Nxf7 Ba6 23. h4 Rab8 24. Ng5+ Kh6 25. Qe7 Qb7 26. Qxb7 Rxb7 27. f4 Rb6 28. Rd4 Rfb8 29. Kd2 Rb2 30. Nxe6 Rxa2 31. Rh3 Rbb2 32. Ke1 Rxc2 33. Rg3 Ra1+ 34. Rd1 Re2+ 0-1


[Site "https://www.chess.com"]

[Event "Titled Tuesday Blitz December 7 2021"]
[White "Gheorghiu, Calin"]
[Black "Tasev, Dejan"]
[WhiteFideId "1200305"]
[BlackFideId "936618"]
[WhiteElo "2213"]
[BlackElo "2253"]
[Result "0-1"]
[Round "11"]
[TimeControl "180+1"]
[Date "2021.12.07"]
[WhiteClock "0:00:27"]
[BlackClock "0:01:28"]

1. d4 Nf6 2. Bf4 e6 3. e3 b6 4. Nf3 Bb7 5. h3 h6 6. Be2 d6 7. O-O g5 8. Bh2 g4 9. hxg4 Nxg4 10. Bg3 Rg8 11. c4 Nxe3 12. fxe3 Rxg3 13. Nc3 Nd7 14. d5 Qe7 15. Qd2 O-O-O 16. a4 Bg7 17. a5 Bxc3 18. bxc3 Rdg8 19. Rf2 Nc5 20. axb6 axb6 21. Ra7 Kb8 22. Qa2 exd5 23. cxd5 Qxe3 24. Bf1 Rxf3 0-1


[Site "https://www.chess.com"]

[Event "Titled Tuesday Blitz December 7 2021"]
[White "Goryachkina, Aleksandra"]
[Black "Najdin, Danil"]
[WhiteFideId "4147103"]
[BlackFideId "4172426"]
[WhiteElo "2441"]
[BlackElo "2240"]
[Result "1-0"]
[Round "11"]
[TimeControl "180+1"]
[Date "2021.12.07"]
[WhiteClock "0:00:54"]
[BlackClock "0:00:14"]

1. e4 e5 2. Nf3 Nc6 3. d4 exd4 4. Nxd4 Nf6 5. Nxc6 bxc6 6. e5 Qe7 7. Qe2 Nd5 8. g3 Qe6 9. Bg2 Be7 10. O-O a5 11. c4 Ba6 12. b3 Nb6 13. Bb2 a4 14. Nd2 O-O 15. Ne4 d5 16. exd6 cxd6 17. Qe3 Nd7 18. Rfe1 Qg6 19. Rad1 axb3 20. axb3 Rfe8 21. Qd2 Nc5 22. Nxc5 dxc5 23. Qd7 Kf8 24. Bxc6 Rad8 25. Qxd8 Qxc6 26. Qd7 Qb6 27. Rxe7 Rxe7 28. Bxg7+ Kxg7 29. Qxe7 h6 30. Qe5+ Kg6 31. Rd6+ 1-0


[Site "https://www.chess.com"]

[Event "Titled Tuesday Blitz December 7 2021"]
[White "Gubsky, Egor"]
[Black "Bazarov, Konstantin"]
[WhiteFideId "4194055"]
[BlackFideId "4137000"]
[WhiteElo "2258"]
[BlackElo "2079"]
[Result "1/2-1/2"]
[Round "11"]
[TimeControl "180+1"]
[Date "2021.12.07"]
[WhiteClock "0:00:09"]
[BlackClock "0:00:04"]

1. d4 Nf6 2. c4 d6 3. Nc3 c6 4. Nf3 Nbd7 5. e4 e5 6. Be2 Be7 7. O-O O-O 8. Be3 Re8 9. Qc2 Bf8 10. Rfd1 Qc7 11. Rab1 exd4 12. Nxd4 Nc5 13. f3 a5 14. b3 Bd7 15. a3 Rad8 16. b4 axb4 17. axb4 Na6 18. Bf2 d5 19. cxd5 Nxb4 20. Qa4 cxd5 21. Ncb5 Bxb5 22. Bxb5 Ra8 23. Qb3 Rec8 24. exd5 Nfxd5 25. Bf1 Qe5 26. Re1 Qg5 27. Rbd1 Re8 28. Ne2 Rac8 29. Ng3 h5 30. Rxe8 Rxe8 31. Ne4 Qg6 32. Rxd5 Nxd5 33. Qxd5 b6 34. Bb5 Rc8 35. g3 h4 36. Bd7 Rc1+ 37. Kg2 hxg3 38. hxg3 Rc2 39. Bf5 Qc6 40. Qd3 Rb2 41. Ng5 g6 42. Be6 Rxf2+ 43. Kxf2 Qc5+ 44. Qe3 Qxe3+ 45. Kxe3 fxe6 46. Nxe6 Bd6 47. g4 Kf7 48. Ng5+ Ke7 49. Ke4 b5 50. Kd5 b4 51. Kc4 Kd7 52. Ne4 Be7 53. Nf2 g5 54. Nd3 Ke6 55. Kd4 Bd6 56. Nc1 Bf4 57. Nd3 Bd6 58. Nc1 Be7 59. Ke4 Bf6 60. Nb3 Be5 61. Nc5+ Kd6 62. Nd3 Bc3 63. Nc1 Bd2 64. Nb3 Bc3 65. Kf5 Kd5 66. Kxg5 Kc4 67. Na5+ Kb5 68. Nb3 Kc4 69. Nc1 Bd2+ 70. Kf6 Bxc1 71. g5 b3 72. g6 b2 73. g7 b1=Q 74. g8=Q+ Kc3 75. Qc8+ Kd2 76. Qd7+ Ke2 77. Qe6+ Kf2 78. Qf5 Qb6+ 79. Kg7 Qc7+ 80. Kg6 Bb2 81. Qf7 Qd6+ 82. Kf5 Qe5+ 83. Kg6 Qg3+ 84. Kh7 Qh4+ 85. Kg6 Qg4+ 86. Kh6 Bd4 87. Qa2+ Ke3 88. Qf7 Kf2 89. Qa2+ Kg3 90. Qf7 Kh4 91. Qg6 Qf4+ 92. Kh7 Qc7+ 93. Kg8 Qd8+ 94. Kf7 Qd7+ 95. Kf8 Qd8+ 96. Qe8 Qd6+ 97. Qe7+ Qf6+ 98. Qxf6+ Bxf6 99. f4 Be5 100. f5 Bf6 101. Kf7 Kg5 102. Ke6 Bd4 103. f6 Bxf6 1/2-1/2


[Site "https://www.chess.com"]

[Event "Titled Tuesday Blitz December 7 2021"]
[White "Guliev, Logman"]
[Black "Kalogeris, Ioannis"]
[WhiteFideId "13400061"]
[BlackFideId "4239563"]
[WhiteElo "2128"]
[BlackElo "2287"]
[Result "0-1"]
[Round "11"]
[TimeControl "180+1"]
[Date "2021.12.07"]
[WhiteClock "0:00:04"]
[BlackClock "0:00:04"]

1. e4 e5 2. Nf3 Nc6 3. Bb5 a6 4. Ba4 b5 5. Bb3 Nf6 6. O-O Bc5 7. c3 d6 8. d4 Bb6 9. h3 O-O 10. Be3 exd4 11. cxd4 Na5 12. Bc2 Nc4 13. Bc1 Bb7 14. b3 Na5 15. Nbd2 c5 16. Bb2 Nc6 17. e5 dxe5 18. dxe5 Nd5 19. Rc1 Nf4 20. Ne4 Qxd1 21. Rfxd1 Ne2+ 22. Kh2 Nxc1 23. Rxc1 Rad8 24. Nd6 Ba8 25. Ng5 h6 26. Bh7+ Kh8 27. Ndxf7+ Rxf7 28. Nxf7+ Kxh7 29. Nxd8 Nxd8 30. Rd1 Bc6 31. f4 Bc7 32. g3 Kg6 33. g4 h5 34. f5+ Kg5 35. Bc1+ Kh4 36. Bf4 hxg4 37. Rg1 Bf3 38. hxg4 Bxg4 39. Bg3+ Kg5 40. e6 Bxg3+ 41. Rxg3 Nc6 42. Rc3 Bxf5 43. Rxc5 Ne7 44. Rc7 Kf6 45. Ra7 Kxe6 46. Rxa6+ Kd5 47. a4 b4 48. Ra5+ Kd4 49. Rb5 Bd3 50. Rxb4+ Kc3 51. Rb7 Nf5 52. a5 g5 53. b4 g4 54. b5 g3+ 55. Kh3 Bf1+ 56. Kg4 g2 57. Rc7+ Kb4 58. Kxf5 g1=Q 59. b6 Bh3+ 60. Ke5 Kxa5 61. Kd6 Qg3+ 62. Kc5 Qc3+ 63. Kd6 Qd4+ 64. Kc6 Bg2# 0-1


[Site "https://www.chess.com"]

[Event "Titled Tuesday Blitz December 7 2021"]
[White "Gunduz, Umut Erdem"]
[Black "Weetik, Vjacheslav"]
[WhiteFideId "6381383"]
[BlackFideId "4153472"]
[WhiteElo "2096"]
[BlackElo "2469"]
[Result "0-1"]
[Round "11"]
[TimeControl "180+1"]
[Date "2021.12.07"]
[WhiteClock "0:00:01"]
[BlackClock "0:00:17"]

1. e4 c6 2. d4 d5 3. Nd2 dxe4 4. Nxe4 Nf6 5. Nxf6+ exf6 6. c3 Bd6 7. Bd3 O-O 8. Qc2 Re8+ 9. Ne2 h5 10. O-O h4 11. h3 Nd7 12. Bf4 Nf8 13. Bxd6 Qxd6 14. Rad1 Be6 15. c4 Ng6 16. d5 cxd5 17. cxd5 Bd7 18. Rfe1 Ne5 19. Bh7+ Kf8 20. Bf5 Rac8 21. Qb1 Bxf5 22. Qxf5 g6 23. Qf4 Rc4 24. Nd4 Kg7 25. Qxh4 Qb6 26. d6 Rd8 27. d7 Rxd7 28. Rxe5 Rcxd4 29. Rxd4 Rxd4 30. Re4 g5 31. Qg4 Rxe4 32. Qxe4 Qxb2 33. Qc4 b5 34. Qd5 Qa1+ 35. Kh2 Qe5+ 36. Qxe5 fxe5 37. Kg3 a5 38. Kf3 b4 39. Ke3 f5 40. Kd3 e4+ 41. Kc4 f4 42. Kd4 a4 43. Kxe4 b3 0-1


[Site "https://www.chess.com"]

[Event "Titled Tuesday Blitz December 7 2021"]
[White "Guseva, Marina"]
[Black "Aldokhin, Ivan"]
[WhiteFideId "4149351"]
[BlackFideId "24115720"]
[WhiteElo "2279"]
[BlackElo "2231"]
[Result "0-1"]
[Round "11"]
[TimeControl "180+1"]
[Date "2021.12.07"]
[WhiteClock "0:00:06"]
[BlackClock "0:00:06"]

1. d4 Nf6 2. c4 g6 3. Nf3 Bg7 4. g3 d6 5. Bg2 O-O 6. O-O Nc6 7. Nc3 Bf5 8. d5 Na5 9. Nd2 c5 10. e4 Bd7 11. Qc2 e6 12. Rb1 exd5 13. cxd5 b5 14. b3 Re8 15. Bb2 b4 16. Nd1 Bb5 17. Ne3 Bxf1 18. Rxf1 Nd7 19. Bxg7 Kxg7 20. f4 Qf6 21. e5 dxe5 22. Ne4 Qb6 23. f5 c4 24. Qf2 f6 25. bxc4 Nb7 26. Kh1 Nbc5 27. Nxc5 Qxc5 28. Be4 g5 29. Qf3 a5 30. h4 gxh4 31. gxh4 Kh8 32. Ng4 Rg8 33. Nh6 Rg7 34. Qh5 Qe3 35. Bf3 a4 36. Nf7+ Kg8 37. Nh6+ Kf8 38. Ng4 Qf4 39. Be2 Qe4+ 40. Bf3 Qxc4 41. Rg1 b3 42. Qh6 Qf4 43. Qxf4 exf4 44. axb3 axb3 45. Rb1 Rb8 46. h5 Ne5 47. Nxe5 fxe5 48. Be4 Rg3 49. f6 h6 50. d6 Re3 51. Bg6 f3 52. d7 f2 53. Kg2 Re1 0-1


[Site "https://www.chess.com"]

[Event "Titled Tuesday Blitz December 7 2021"]
[White "Halkias, Stelios"]
[Black "Mezentsev, Ivan"]
[WhiteFideId "4201809"]
[BlackFideId "13706195"]
[WhiteElo "2575"]
[BlackElo "2295"]
[Result "1-0"]
[Round "11"]
[TimeControl "180+1"]
[Date "2021.12.07"]
[WhiteClock "0:00:05"]
[BlackClock "0:00:03"]

1. d4 Nf6 2. c4 g6 3. Nc3 Bg7 4. e4 d6 5. Nf3 O-O 6. Be2 e5 7. Be3 Ng4 8. Bg5 f6 9. Bh4 Nd7 10. O-O Nh6 11. Qd2 Nf7 12. Rad1 h5 13. Bg3 Bh6 14. Qc2 c6 15. h3 Qe7 16. d5 c5 17. Ne1 a6 18. Nd3 Kg7 19. a3 b6 20. Rde1 Nd8 21. b4 cxb4 22. axb4 a5 23. Ra1 Bb7 24. Nb5 axb4 25. Rxa8 Bxa8 26. Ra1 Bb7 27. Nxb4 Nc5 28. Ra7 Rf7 29. Nc6 Qd7 30. Nb4 Re7 31. f3 Be3+ 32. Kh1 f5 33. Ra3 f4 34. Bh4 Re8 35. Ra7 Nf7 36. Nc6 Ra8 37. Be1 Rxa7 38. Nbxa7 g5 39. Bc3 Kf6 40. Qd1 Nh6 41. Qa1 Qe8 42. Nb5 Bxc6 43. dxc6 Qxc6 44. Qa7 Nf7 45. Qb8 Na4 46. Bb4 Nb2 47. Qg8 Nxc4 48. Nc3 Nd2 49. Nd5+ Ke6 50. Qg6+ Kd7 51. Qxf7+ Kd8 52. Qf8+ Kd7 53. Qf5+ Kd8 54. Qxg5+ Kd7 55. Qg7+ Kd8 56. Qf8+ Kd7 57. Qf7+ Kd8 58. Qg8+ Kd7 59. Qh7+ Kd8 60. Qh8+ Kd7 61. Bxd2 Bxd2 62. Qg7+ Kd8 63. Qf8+ Kd7 64. Bb5 Qxb5 65. Qe7+ 1-0


[Site "https://www.chess.com"]

[Event "Titled Tuesday Blitz December 7 2021"]
[White "Dronavalli, Harika"]
[Black "Reprintsev, Alexander"]
[WhiteFideId "5015197"]
[BlackFideId "14100541"]
[WhiteElo "2382"]
[BlackElo "2126"]
[Result "1-0"]
[Round "11"]
[TimeControl "180+1"]
[Date "2021.12.07"]
[WhiteClock "0:01:54"]
[BlackClock "0:01:12"]

1. Nf3 d5 2. c4 dxc4 3. e3 Nc6 4. Bxc4 e5 5. Nc3 Nf6 6. Ng5 Be6 7. Nxe6 fxe6 8. Bxe6 Qd3 9. a3 e4 10. Qb3 Rd8 11. Bf7+ 1-0


[Site "https://www.chess.com"]

[Event "Titled Tuesday Blitz December 7 2021"]
[White "Harris, Ian"]
[Black "Villalba, Marcelo"]
[WhiteFideId "2020092"]
[BlackFideId "3701859"]
[WhiteElo "2344"]
[BlackElo "2160"]
[Result "1/2-1/2"]
[Round "11"]
[TimeControl "180+1"]
[Date "2021.12.07"]
[WhiteClock "0:00:21"]
[BlackClock "0:00:02"]

1. e4 e5 2. Nf3 Nc6 3. d4 exd4 4. Bc4 Nf6 5. e5 d5 6. Bb5 Ne4 7. Nxd4 Bc5 8. O-O O-O 9. Bxc6 bxc6 10. Be3 Ba6 11. Re1 Bxd4 12. Bxd4 c5 13. Be3 Bb7 14. f3 d4 15. Bc1 Ng5 16. c3 Ne6 17. Nd2 Qd5 18. c4 Qd7 19. Ne4 Rad8 20. Qd3 Kh8 21. b3 f5 22. exf6 gxf6 23. Bh6 Rf7 24. Nf2 Rg8 25. Kh1 Rg6 26. Qd2 Ng5 27. Bxg5 Rxg5 28. Nd3 Rfg7 29. Re2 Rg8 30. Rae1 Qg7 31. Nf4 Qh6 32. Rf1 Rf5 33. Nd3 Qh4 34. Qe1 Qh6 35. Qf2 Rh5 36. h3 Rxh3+ 37. gxh3 Qxh3+ 38. Qh2 Bxf3+ 39. Rxf3 Qxf3+ 40. Rg2 Qd1+ 41. Qg1 Qh5+ 42. Qh2 Qd1+ 43. Qg1 Qh5+ 44. Qh2 Qd1+ 1/2-1/2


[Site "https://www.chess.com"]

[Event "Titled Tuesday Blitz December 7 2021"]
[White "Harshavardhan G B"]
[Black "Sinitsina, Anastassia"]
[WhiteFideId "25059009"]
[BlackFideId "4504640"]
[WhiteElo "1825"]
[BlackElo "2161"]
[Result "0-1"]
[Round "11"]
[TimeControl "180+1"]
[Date "2021.12.07"]
[WhiteClock "0:00:43"]
[BlackClock "0:00:32"]

1. Nf3 Nf6 2. c4 g6 3. Nc3 Bg7 4. e4 d6 5. h4 c5 6. d3 Nc6 7. Bg5 h5 8. Qd2 Rb8 9. g3 a6 10. Bg2 b5 11. O-O Bd7 12. Nd5 bxc4 13. Bxf6 exf6 14. dxc4 O-O 15. Rad1 f5 16. exf5 Rxb2 17. Qf4 Bxf5 18. Ne3 Be6 19. Ng5 Nd4 20. Nxe6 Ne2+ 21. Kh2 Nxf4 22. Nxd8 Nxg2 23. Kxg2 Rxd8 24. Nd5 Bd4 25. Kh3 Kg7 26. f4 Rxa2 27. Rde1 Rb8 28. f5 Rbb2 29. f6+ Bxf6 30. Rh1 Bd4 31. Nf4 Rb3 32. Ref1 Be5 33. Rhg1 Raa3 34. Ne2 Re3 35. Nf4 Rac3 36. Kh2 Rxc4 37. Rg2 Bxf4 38. gxf4 Rcc3 39. Rd1 Rh3+ 40. Kg1 Rxh4 41. Rxd6 Rc1+ 42. Kf2 Rxf4+ 43. Ke3 Rf6 44. Rd7 c4 45. Rc7 c3 46. Kd3 Rd6+ 47. Kc4 a5 48. Rf2 Rf6 49. Ra2 Rf5 50. Kd3 h4 51. Rh2 Rf3+ 52. Ke4 Rg3 53. Rf2 a4 54. Rfxf7+ Kh6 55. Rh7+ Kg5 56. Rc6 a3 57. Rg7 Kh5 58. Rh7+ Kg4 59. Rxg6+ Kh3 60. Rgh6 Rg4+ 61. Kd3 a2 62. Ra7 a1=Q 63. Rxa1 Rxa1 64. Kxc3 Kg2 65. Kd2 h3 66. Re6 h2 67. Re2+ Kh3 68. Re3+ Rg3 69. Re2 Ra2+ 70. Ke1 h1=Q+ 71. Kf2 Qf3+ 72. Ke1 Rg1# 0-1


[Site "https://www.chess.com"]

[Event "Titled Tuesday Blitz December 7 2021"]
[White "Holt, Conrad"]
[Black "Vidit, Santosh Gujrathi"]
[WhiteFideId "2034387"]
[BlackFideId "5029465"]
[WhiteElo "2586"]
[BlackElo "2628"]
[Result "0-1"]
[Round "11"]
[TimeControl "180+1"]
[Date "2021.12.07"]
[WhiteClock "0:01:39"]
[BlackClock "0:00:48"]

1. d4 Nf6 2. c4 e6 3. Nc3 Bb4 4. Qc2 O-O 5. e4 d5 6. e5 Ne4 7. Bd3 c5 8. Nf3 cxd4 9. Nxd4 Nd7 10. Bf4 Qh4 11. g3 Qh5 12. f3 Bxc3+ 13. bxc3 Nec5 14. g4 Nxd3+ 15. Qxd3 dxc4 16. Qxc4 Qh3 17. Kf2 Nb6 18. Qd3 Bd7 19. Rag1 Qh4+ 20. Bg3 Qe7 21. h4 Rac8 22. h5 Qa3 23. Rc1 Qxa2+ 24. Rc2 Qc4 25. Qd2 Nd5 26. h6 g6 27. Ra1 a6 28. Ra5 Bb5 29. Ra3 Qf1# 0-1


[Site "https://www.chess.com"]

[Event "Titled Tuesday Blitz December 7 2021"]
[White "Ibrahimli, Murad"]
[Black "Leitao, Rafael"]
[WhiteFideId "13410229"]
[BlackFideId "2101246"]
[WhiteElo "2109"]
[BlackElo "2609"]
[Result "1-0"]
[Round "11"]
[TimeControl "180+1"]
[Date "2021.12.07"]
[WhiteClock "0:01:05"]
[BlackClock "0:00:13"]

1. Nf3 Nf6 2. d4 e6 3. Bg5 c5 4. e3 Nc6 5. c3 h6 6. Bxf6 Qxf6 7. Nbd2 Qd8 8. Bd3 d5 9. O-O Bd6 10. dxc5 Bxc5 11. Qe2 O-O 12. Rad1 Bb6 13. a3 a5 14. c4 a4 15. cxd5 exd5 16. h3 Re8 17. Nb1 Qf6 18. Bc2 d4 19. e4 Bc7 20. Nbd2 Ra5 21. Nc4 Rc5 22. Bd3 b5 23. Ncd2 Bxh3 24. gxh3 Qg6+ 25. Kh1 Rh5 26. Ng1 Ne5 27. f4 Ng4 28. e5 Qc6+ 29. Be4 Qd7 30. Bf3 Rh4 31. Bxg4 f5 32. Ndf3 Rxg4 33. hxg4 fxg4 34. Rxd4 Qc6 35. Qe4 1-0


[Site "https://www.chess.com"]

[Event "Titled Tuesday Blitz December 7 2021"]
[White "Jobava, Baadur"]
[Black "Pakleza, Zbigniew"]
[WhiteFideId "13601520"]
[BlackFideId "1119290"]
[WhiteElo "2689"]
[BlackElo "2526"]
[Result "1-0"]
[Round "11"]
[TimeControl "180+1"]
[Date "2021.12.07"]
[WhiteClock "0:00:39"]
[BlackClock "0:00:06"]

1. e4 d6 2. d4 Nf6 3. Nc3 c6 4. f4 Qb6 5. Nf3 Bg4 6. Be2 Bxf3 7. Bxf3 e5 8. Ne2 Nbd7 9. c3 Be7 10. O-O O-O 11. Kh1 Rfe8 12. a4 a5 13. g4 Nf8 14. g5 N6d7 15. f5 Rad8 16. Rg1 Kh8 17. Qc2 d5 18. exd5 Bd6 19. dxc6 bxc6 20. d5 e4 21. Bxe4 Nc5 22. Bf3 cxd5 23. Nd4 Ne4 24. Be3 Ng3+ 25. hxg3 Rxe3 26. Qf2 Rde8 27. f6 g6 28. Bxd5 Re2 29. Qf3 R8e3 30. Qg4 Rxb2 31. Rae1 Rxc3 32. Re8 Rd3 33. Qc8 Qc5 34. Qxc5 Bxc5 35. Nc6 Rdd2 36. Rg2 h5 37. Rxd2 Rxd2 38. Ne7 Kh7 39. Rxf8 Rd1+ 40. Kg2 1-0


[Site "https://www.chess.com"]

[Event "Titled Tuesday Blitz December 7 2021"]
[White "Juhasz, Agoston"]
[Black "Bures, Vit"]
[WhiteFideId "778346"]
[BlackFideId "309052"]
[WhiteElo "2211"]
[BlackElo "2132"]
[Result "1-0"]
[Round "11"]
[TimeControl "180+1"]
[Date "2021.12.07"]
[WhiteClock "0:00:02"]
[BlackClock "0:00:01"]

1. e4 e5 2. d4 exd4 3. c3 d5 4. exd5 Qxd5 5. Nf3 Nc6 6. Be2 Nf6 7. O-O Bg4 8. Nxd4 Nxd4 9. Bxg4 Ne6 10. Bf3 Qxd1 11. Rxd1 c6 12. a4 Be7 13. Na3 O-O 14. Nc4 Rad8 15. Be3 Bc5 16. Na5 Bxe3 17. fxe3 Rb8 18. b4 Ng5 19. Rd4 Rfe8 20. Re1 Nge4 21. c4 h6 22. b5 cxb5 23. axb5 g5 24. h3 h5 25. Ra1 g4 26. hxg4 hxg4 27. Bxe4 Rxe4 28. Rxe4 Nxe4 29. Nb3 g3 30. Rxa7 Nd6 31. Ra4 Nf5 32. Nd4 Nxe3 33. Ra3 Nxc4 34. Rxg3+ Kf8 35. Nf5 Ra8 36. Rh3 Ra1+ 37. Kf2 Ke8 38. Rh4 Ra2+ 39. Kf1 Ra1+ 40. Ke2 Ra2+ 41. Kd3 Ne5+ 42. Ke4 Re2+ 43. Kd5 Ng6 44. Ra4 Rd2+ 45. Ke4 Rxg2 46. Ra7 Rg4+ 47. Kd5 Rg1 48. Nd6+ Ke7 49. Rxb7+ Kf6 50. Rxf7+ Kg5 51. Rf5+ Kg4 52. Rf2 Rd1+ 53. Kc6 Ne7+ 54. Kd7 Nd5 55. Rb2 1-0


[Site "https://www.chess.com"]

[Event "Titled Tuesday Blitz December 7 2021"]
[White "Kamsky, Gata"]
[Black "Korchmar, Vasiliy"]
[WhiteFideId "2000024"]
[BlackFideId "24131750"]
[WhiteElo "2645"]
[BlackElo "2370"]
[Result "0-1"]
[Round "11"]
[TimeControl "180+1"]
[Date "2021.12.07"]
[WhiteClock "0:00:26"]
[BlackClock "0:00:03"]

1. e4 c5 2. Nc3 d6 3. Bc4 e6 4. Nf3 Nf6 5. O-O Be7 6. d3 O-O 7. a3 Nc6 8. Ba2 b6 9. Ne2 Bb7 10. Ng3 Rc8 11. c3 h6 12. Re1 Ne5 13. d4 Nxf3+ 14. Qxf3 cxd4 15. cxd4 d5 16. e5 Ne4 17. Qg4 f5 18. exf6 Rxf6 19. Nh5 Rf7 20. Bxh6 Nxf2 21. Qg6 Bf8 22. Bg5 Be7 23. Bh6 Bf8 24. Rxe6 Qh4 25. Bf4 Rxf4 26. Nxf4 Qxf4 27. Re2 Ng4 28. h3 Qh2+ 0-1


[Site "https://www.chess.com"]